 Dungeon Crawl Stone Soup version 0.12.2-12-gd1dd697 (webtiles) character file.

941 Gabry the Shield-Bearer (level 7, 0/60 HPs)
             Began as a Minotaur Fighter on July 22, 2013.
             Slain by a gnoll
             ... wielding a +0,+0 halberd
              (13 damage)
             ... on Level 5 of the Dungeon.
             The game lasted 00:29:06 (3639 turns).

Gabry the Shield-Bearer (Minotaur Fighter)          Turns: 3639, Time: 00:29:06

HP   0/60        AC  7     Str 21      XL: 7   Next: 35%
MP   2/2         EV 12     Int  5      God:
Gold 255         SH 24     Dex 16      Spells:  0 memorised,  6 levels left

Res.Fire  : . . .   See Invis. : .   x - +1,+4 short sword
Res.Cold  : . . .   Warding    : .   b - +0 scale mail
Life Prot.: . . .   Conserve   : .   c - +2 shield
Res.Poison: .       Res.Corr.  : .   (helmet restricted)
Res.Elec. : .       Clarity    : .   (no cloak)
Sust.Abil.: . .     Spirit.Shd : .   (no gloves)
Res.Mut.  : .       Stasis     : .   (no boots)
Res.Rott. : .       Ctrl.Telep.: .   (no amulet)
Saprovore : . . .   Flight     : .   (no ring)
                                     (no ring)

@: agile, slightly resistant to hostile enchantments, unstealthy
A: retaliatory headbutt, horns 2
a: no special abilities


You were on level 5 of the Dungeon.
You were not hungry.

You visited 1 branch of the dungeon, and saw 5 of its levels.

You collected 235 gold pieces.

Inventory:

Hand weapons
 a - a +0,+0 mace
 e - a +0,+0 dagger
 p - a +0,+6 dagger of venom (quivered)
 q - a +0,+1 dwarven hand axe
 u - a -1,+0 orcish flail
 x - a +1,+4 short sword (weapon)
 z - a cursed -4,-2 orcish dagger
Missiles
 t - 6 poisoned needles
Armour
 b - a +0 scale mail (worn)
 c - a +2 shield (worn)
 g - a +0 orcish leather armour
 h - a +0 leather armour
 i - a +0 buckler
 j - a +0 chain mail
 l - a +0 orcish ring mail
Comestibles
 d - a bread ration
 m - 2 meat rations
Scrolls
 f - a scroll of blinking
 n - a scroll of recharging {unknown}
 o - 4 scrolls of remove curse
 r - 2 scrolls of amnesia {unknown}
Potions
 s - a potion of invisibility {unknown}
 v - a potion of heal wounds {unknown}
 w - a potion of magic {unknown}
 B - a potion of resistance {unknown}
Books
 k - a book of the Sky

   Spells                             Type                      Level
   Flight                             Charms/Air                   3
   Airstrike                          Air                          4
   Silence                            Hexes/Air                    5
   Deflect Missiles                   Charms/Air                   6
   Conjure Ball Lightning             Conjuration/Air              7
   Tornado                            Air                          9


   Skills:
 + Level 4.6 Fighting
 + Level 2.5 Short Blades
 + Level 2.8 Maces & Flails
 + Level 6.0 Armour
 + Level 3.6 Dodging
 + Level 0.6 Stealth
 + Level 6.3 Shields
 + Level 0.4 Traps


You had 6 spell levels left.
You didn't know any spells.

Dungeon Overview and Level Annotations

Branches:
Dungeon (5/27)
 Temple: D:4-7

Altars:
Okawaru


Innate Abilities, Weirdness & Mutations

You reflexively headbutt those who attack you in melee.
You have a pair of horns on your head.


Message History

The gnoll sergeant misses you. You furiously retaliate!
You headbutt the gnoll sergeant, but do no damage.
The gnoll hits you from afar with a halberd!
* * * LOW HITPOINT WARNING * * *
You block the gnoll sergeant's attack.
The gnoll throws an uncursed club.
You block the uncursed club.
You see here an uncursed club.
The gnoll sergeant misses you.
You hit the gnoll sergeant but do no damage.
The gnoll sergeant is almost dead.
You block the gnoll sergeant's attack. The gnoll hits you but does no damage.
You barely miss the gnoll sergeant.
You headbutt the gnoll sergeant, but do no damage.
The gnoll sergeant is almost dead.
You block the gnoll sergeant's attack.
Your shield and scale mail prevent you from hitting the gnoll sergeant.
The gnoll sergeant is almost dead.
You block the gnoll sergeant's attack.
The gnoll hits you from afar with a halberd!
You die...

.######### #.# ## ..gg....# #.#
#. #######.#** #.## ##.
..........#**#..# #..
.....g......###.# ###'#
...g......#..##.# #...[
...g..g...##...g# #...)
,.........####.g#############....
,,........# #.g@..........))....
,,,.......# ##.#############....
,*****###** #.#* ##### ,* #.. #..
,** ##.* #.# ,,* **+**######*
##.# *,* *,,,,......### #... *,*
*,,,.......'.# #... ,*
*,,,,,,,,,,#.###...


You could see a gnoll sergeant and 2 gnolls.

Vanquished Creatures
  2 phantoms (D:5)
  2 ogres
  2 crimson imps (D:5)
  4 orc wizards
  A hound (D:4)
  Ijyb (D:3)
  4 gnolls
  2 adders
  A worm (D:3)
  A bat skeleton (D:4)
  2 giant geckos
  An ooze (D:5)
  18 orcs
  3 bats
  3 giant cockroaches
  8 goblins
  6 hobgoblins
  3 quokkas
  5 giant newts
  6 kobolds
  6 rats
  A rat skeleton (D:4)
  A rat zombie (D:5)
83 creatures vanquished.

Vanquished Creatures (others)
  A yak skeleton (D:5)
  A worker ant (D:5)
  A rat (D:3)
3 creatures vanquished.

Grand Total: 86 creatures vanquished

Notes
Turn   | Place    | Note
--------------------------------------------------------------
     0 | D:1      | Gabry, the Minotaur Fighter, began the quest for the Orb.
     0 | D:1      | Reached XP level 1. HP: 19/19 MP: 0/0
   316 | D:1      | Reached skill level 4 in Fighting
   316 | D:1      | Reached XP level 2. HP: 27/27 MP: 0/0
   885 | D:3      | Reached skill level 1 in Dodging
   885 | D:3      | Reached XP level 3. HP: 28/33 MP: 1/1
   912 | D:3      | Reached XP level 4. HP: 15/40 MP: 1/1
  1134 | D:3      | Noticed Ijyb
  1167 | D:3      | Killed Ijyb
  1584 | D:3      | Noticed an ogre
  1663 | D:3      | Killed an ogre
  1663 | D:3      | Reached skill level 1 in Short Blades
  1663 | D:3      | Reached XP level 5. HP: 18/46 MP: 1/1
  1668 | D:3      | Paralysed by a potion of paralysis for 7 turns
  1925 | D:4      | Reached skill level 5 in Shields
  1929 | D:4      | Reached skill level 5 in Armour
  2312 | D:4      | Found an iron altar of Okawaru.
  2529 | D:5      | Entered Level 5 of the Dungeon
  2529 | D:5      | Noticed a phantom
  2560 | D:5      | Killed a phantom
  2560 | D:5      | Reached XP level 6. HP: 35/53 MP: 2/2
  2587 | D:5      | Noticed an ogre
  2588 | D:5      | Noticed an ogre
  2589 | D:5      | Noticed a phantom
  3007 | D:5      | Killed a phantom
  3097 | D:5      | Killed an ogre
  3217 | D:5      | Reached XP level 7. HP: 50/59 MP: 2/2
  3367 | D:5      | Reached skill level 6 in Shields
  3639 | D:5      | Slain by a gnoll

Action                   |  1- 3 |  4- 6 |  7- 9 || total
-------------------------+-------+-------+-------++-------
Melee: Mace              |    44 |       |       ||    44
       Short sword       |    48 |   163 |    70 ||   281
  Use: Scroll            |     5 |     8 |     1 ||    14
       Potion            |       |     5 |     1 ||     6
